 Dungeon Crawl Stone Soup version 0.30.0-18-gc0e69614cb (webtiles) character file.

Game seed: 2143220123970469838

4751 unlimited1921 the Thaumaturge (level 10, -1/65 HPs)
             Began as a Djinni Fire Elementalist on May 25, 2023.
             Was an Initiate of Yredelemnul.
             Shot with an arrow by a centaur (9 damage)
             ... on level 9 of the Dungeon.
             The game lasted 00:36:51 (16247 turns).

unlimited1921 the Thaumaturge (DjFE)               Turns: 16247, Time: 00:36:52

Health: -1/65      AC:  8    Str: 13    XL:     10   Next: 74%
Gold:   468        EV: 14    Int: 23    God:    Yredelemnul [......] SH:  0 Dex: 18

rFire   + + .        a - +0 quarterstaff (spect)
rCold   x . .        (shield currently unavailable)
rNeg    + . .        M - +1 robe "Vigetog" {rN+ Str+6}
rPois   ∞            m - +2 hat
rElec   .            l - +1 cloak
rCorr   .            v - +0 pair of gloves
SInv    +            (boots unavailable)
Will    +....        (no amulet)
Stlth   +++          K - +6 ring of intelligence
HPRegen 0.30/turn    u - ring of see invisible
MPRegen 0.00/turn

%: infuse magic (-2 HP)
@: flying, studying 2 skills
A: sickness immunity, fire resistance 2, cold vulnerability 1, float, innate
caster, HP casting, extra vitality 1
a: Renounce Religion, Recall Undead Harvest


You were on level 9 of the Dungeon.
You worshipped Yredelemnul.
Yredelemnul was noncommittal.
You visited 1 branch of the dungeon, and saw 9 of its levels.

You collected 468 gold pieces.

Inventory:

Hand Weapons
 a - a +0 spectral quarterstaff (weapon)
 q - a +0 trident
 r - a +2 dagger of flaming
 t - a +0 antimagic scythe
 w - a +2 dagger of venom
 x - a +2 long sword of holy wrath
 z - a +1 short sword of electrocution
 I - a +0 arbalest
 J - a +2 halberd of freezing
 L - a +2 whip of electrocution
 N - a +2 short sword of venom
 Q - a +4 falchion
Missiles
 j - 18 poisoned darts
 O - 8 atropa-tipped darts
 P - a throwing net
Armour
 f - the +9 chain mail "Peal Oleamo" {rElec rF++}
   (You found it on level 6 of the Dungeon)

   rF:        It greatly protects you from fire.
   rElec:     It insulates you from electricity.
 l - a +1 cloak (worn)
 m - a +2 hat (worn)
 v - a +0 pair of gloves (worn)
 M - the +1 robe "Vigetog" (worn) {rN+ Str+6}
   (You took it off a wight on level 5 of the Dungeon)

   Str:       It affects your strength (+6).
   rN:        It protects you from negative energy.
Jewellery
 u - a ring of see invisible (right hand)
 K - a +6 ring of intelligence (left hand)
Wands
 s - a wand of paralysis (8)
 B - a wand of flame (9) (quivered)
 F - a wand of iceblast (7)
 R - a wand of polymorph (2)
Scrolls
 b - 2 scrolls of brand weapon {unknown}
 e - a scroll of noise {unknown}
 g - 3 scrolls of vulnerability {unknown}
 k - 2 scrolls of enchant armour
 n - 5 scrolls of magic mapping
 y - 2 scrolls of teleportation
 E - a scroll of silence
 G - a scroll of fog
 S - a scroll of immolation
 W - a scroll of poison {unknown}
Potions
 c - 6 potions of curing
 d - 2 potions of might
 h - 2 potions of heal wounds
 i - 2 potions of attraction
 o - 2 potions of brilliance {unknown}
 p - 2 potions of flight {unknown}
 A - 2 potions of haste
 C - 3 potions of cancellation {unknown}
 D - a potion of resistance {unknown}
 T - a potion of invisibility
 V - a potion of ambrosia {unknown}
 X - a potion of mutation {unknown}


   Skills:
 + Level 2.4 Fighting
 + Level 4.1 Staves
 + Level 4.0 Dodging
 + Level 4.3 Stealth
 + Level 10.2 Spellcasting
 + Level 1.0 Evocations


You knew the following spells:

 Your Spells              Type           Power      Damage    Failure   Level
a - Foxfire               Conj/Fire      100%       2x1d9     1%          1
b - Scorch                Fire           100%       2d9       1%          2
c - Volatile Blastmotes   Fire/Tloc      100%       2d18      1%          3
d - Inner Flame           Hex/Fire       56%        N/A       1%          3
e - Flame Wave            Conj/Fire      56%        2d13      1%          4
f - Sting                 Tmut/Pois      100%       1d8       1%          1
g - Lesser Beckoning      Tloc           100%       N/A       1%          2
h - Ozocubu's Armour      Ice            56%        N/A       1%          3
i - Animate Dead          Necr           56%        N/A       1%          4
Your spell library was empty.

Dungeon Overview and Level Annotations

Branches:
Dungeon (9/15)             Temple (0/1) D:6
   Lair: D:8-11         Orc: D:9-12

Altars:
Gozag
Hepliaklqana
Makhleb
Nemelex Xobeh
Uskayaw
Yredelemnul

Shops:
D:4 (


Innate Abilities, Weirdness & Mutations

You are immune to sickness and miasma.
You are immune to poison.
Your flesh is very heat resistant. (rF++)
You are vulnerable to cold. (rC-)
You float through the air rather than walking.
You learn spells naturally, not from books.
Your magical power is your life essence.
You have superior vitality. (+4 MHP)


Message History

The two-headed ogre hits you with a +2 dire flail of protection!
* * * LOW HITPOINT WARNING * * *
The two-headed ogre closely misses you.
Casting: Scorch (safe; 1% risk of failure)
Confirm with . or Enter, or press ? or * to list all spells.
Okay, then.
Unknown command.
As you read the scroll of fear, it crumbles to dust.
You assume a fearsome visage.
The two-headed ogre looks frightened!
A two-headed ogre is nearby!
You feel a little less mighty now.
The two-headed ogre almost stumbles in trying to escape.
Casting: Scorch (safe; 1% risk of failure)
Confirm with . or Enter, or press ? or * to list all spells.
Aiming: Inner Flame (safe; 1% risk of failure)
Press: ? - help, Dir - move target, f - two-headed ogre
Aim: a two-headed ogre, wielding a +2 dire flail of protection and a +0 giant spiked club (fleeing, chance to affect: 86%)
Your attack snaps the two-headed ogre out of its fear.
The two-headed ogre is filled with an inner flame.
* * * LOW HITPOINT WARNING * * *
A centaur comes into view.
Casting: Inner Flame (safe; 1% risk of failure)
Confirm with . or Enter, or press ? or * to list all spells.
Okay, then.
Unknown command.
As you read the scroll of fear, it crumbles to dust.
You assume a fearsome visage.
The two-headed ogre looks frightened!
The centaur shouts!
The centaur easily resists.
The centaur wields a +0 shortbow.
The centaur shoots an arrow.
The arrow misses you.
The centaur shoots an arrow.
The arrow hits you but does no damage.
Casting: Inner Flame (safe; 1% risk of failure)
Confirm with . or Enter, or press ? or * to list all spells.
Okay, then.
The centaur shoots an arrow.
The arrow hits you!
* * * LOW HITPOINT WARNING * * *
The two-headed ogre seems to regain its courage.
The centaur shoots an arrow.
The arrow hits you!
You die...
Your body rises from the dead as a mindless zombie.

.....####
c.......#
#c# #.# #.#
#.# #.# #.#
#@# #.# #O#
#.# #.# #.#
#.# #.#
#######.###


You could see a two-headed ogre (inner flame) and a centaur.

Vanquished Creatures
  A two-headed ogre (D:8)
  Pikel (D:5)
  The ghost of Fractals the Sneak, an amateur DsWr (D:5)
  Grinder (D:4)
  Sigmund (D:3)
  A wyvern (D:8)
  A steam dragon (D:8)
  3 black bears
  3 orc warriors
  A sky beast (D:7)
  An ice beast (D:5)
  2 ogres (D:5)
  2 centaurs (D:8)
  3 phantoms
  A kobold brigand (D:5)
  2 scorpions
  2 gnoll sergeants
  9 wights
  2 spectral ogres (D:5)
  2 jellies
  A gnoll bouda (D:6)
  2 hounds
  An orc priest (D:6)
  A sleepcap (D:7)
  4 iguanas
  Ijyb (D:3)
  An orc wizard (D:6)
  A scorpion zombie (D:5)
  A hound zombie (D:4)
  Robin (D:3)
  16 gnolls
  8 adders
  3 shadow imps
  2 white imps
  4 ufetubi
  2 adder zombies
  An orc zombie (D:6)
  A spectral shadow imp (D:6)
  5 spectral gnolls
  4 worms
  A dart slug (D:1)
  12 orcs
  12 ball pythons
  6 bats
  5 endoplasms
  3 giant cockroaches
  A gnoll zombie (D:9)
  18 goblins
  9 hobgoblins
  4 jackals (D:1)
  3 quokkas
  6 frilled lizards
  18 kobolds
  2 kobold zombies (D:5)
  5 rats
  2 spectral orcs (D:6)
207 creatures vanquished.

Vanquished Creatures (collateral kills)
  A bullfrog (D:7)
  A gnoll (D:8)
  An orc (D:6)
  3 foxfires
6 creatures vanquished.

Vanquished Creatures (others)
  2 orc zombies
  An iguana zombie (D:5)
  A spectral gnoll (D:5)
  A spectral white imp (D:7)
  An adder zombie (D:5)
  2 gnoll zombies
  A spectral kobold (D:5)
  2 spectral ufetubi
  613 foxfires
624 creatures vanquished.

Grand Total: 837 creatures vanquished

Notes
Turn   | Place    | Note
-------+----------+-------------------------------------------
     0 | D:1      | unlimited1921 the Djinni Fire Elementalist began the quest
                  | for the Orb.
     0 | D:1      | unlimited1921 set off with the following spells memorised:
                  | Foxfire, Scorch, Volatile Blastmotes, Inner Flame, Flame
                  | Wave.
     0 | D:1      | Reached XP level 1. HP: 15/15 MP: 0/0
   255 | D:1      | Reached XP level 2. HP: 18/21 MP: 0/0
  1445 | D:1      | Reached skill level 3 in Spellcasting
  1449 | D:1      | Reached XP level 3. HP: 14/25 MP: 0/0
  1449 | D:1      | Learned a level 1 spell: Sting
  3024 | D:2      | Reached XP level 4. HP: 18/31 MP: 0/0
  5092 | D:3      | Noticed Sigmund
  5097 | D:3      | Killed Sigmund
  5098 | D:3      | Reached skill level 4 in Spellcasting
  5098 | D:3      | Reached XP level 5. HP: 29/35 MP: 0/0
  5098 | D:3      | Learned a level 2 spell: Lesser Beckoning
  5098 | D:3      | Reached XP level 6. HP: 33/40 MP: 0/0
  5099 | D:3      | Noticed Ijyb
  5107 | D:3      | Killed Ijyb
  5761 | D:3      | Found a faded altar of an unknown god.
  6771 | D:3      | Reached skill level 5 in Spellcasting
  7009 | D:3      | Noticed Robin
  7013 | D:3      | Killed Robin
  7445 | D:4      | Reached XP level 7. HP: 32/46 MP: 0/0
  7445 | D:4      | Learned a level 3 spell: Ozocubu's Armour
  7557 | D:5      | Entered Level 5 of the Dungeon
  7624 | D:4      | Noticed Grinder
  7630 | D:4      | Killed Grinder
  7631 | D:4      | Reached skill level 1 in Fighting
  7631 | D:4      | Reached skill level 1 in Staves
  7734 | D:4      | Found Laihoute's Weapon Emporium.
  7789 | D:4      | Reached XP level 8. HP: 44/52 MP: 0/0
  7983 | D:4      | Reached skill level 6 in Spellcasting
  8866 | D:4      | Found a basalt altar of Yredelemnul.
  8976 | D:4      | Became a worshipper of Yredelemnul the Dark
  9216 | D:5      | Reached * piety under Yredelemnul
  9532 | D:5      | Reached skill level 7 in Spellcasting
  9532 | D:5      | Reached XP level 9. HP: 52/58 MP: 0/0
  9532 | D:5      | Learned a level 4 spell: Animate Dead
  9638 | D:5      | Noticed Pikel
  9649 | D:5      | Killed Pikel
  9906 | D:5      | Found a runed translucent gate.
  9906 | D:5      | Found a runed translucent gate.
  9906 | D:5      | Found a runed translucent gate.
  9907 | D:5      | Noticed Fractals's ghost (amateur DsWr)
 10064 | D:5      | Found a burning altar of Makhleb.
 10065 | D:5      | Identified the +1 robe "Vigetog" {rN+ Str+6}
 10069 | D:5      | Reached skill level 8 in Spellcasting
 11053 | D:5      | Killed Fractals's ghost
 11540 | D:6      | Found a hide-covered altar of Uskayaw.
 11544 | D:6      | Identified the +9 chain mail "Peal Oleamo" {rElec rF++}
 11585 | D:6      | Found a staircase to the Ecumenical Temple.
 12056 | D:6      | Reached XP level 10. HP: 57/64 MP: 0/0
 12565 | D:6      | Found a hazy altar of Hepliaklqana.
 12566 | D:6      | Found an opulent altar of Gozag.
 12616 | D:6      | Reached skill level 9 in Spellcasting
 14216 | D:8      | Reached skill level 1 in Evocations
 14504 | D:8      | Found a sparkling altar of Nemelex Xobeh.
 14540 | D:8      | Reached ** piety under Yredelemnul
 15157 | D:8      | Noticed a two-headed ogre
 15166 | D:8      | Killed a two-headed ogre
 15167 | D:8      | Reached skill level 10 in Spellcasting
 15523 | D:8      | Reached *** piety under Yredelemnul
 16218 | D:9      | Noticed a two-headed ogre
 16247 | D:9      | Shot with an arrow by a centaur

Illustrated notes

Levels and vault maps discovered:
D:1:      minmay_arrival_four_houses, layout_loops_ring, serial_bayou_pond_a
D:2:      minmay_evil_eye, layout_loops_ring, minmay_shallow_snake_nest
D:3:      layout_loops_cross, ebering_ecumenical_altar_mist,
          minmay_randomly_rotated_circles, uniq_robin, uniq_ijyb, uniq_sigmund
D:4:      layout_cave_pools, lemuel_zombie_altar_yredelemnul, serial_shops,
          shop, chequers_big_river, hangedman_decor_opposing,
          minmay_crystal_room, kennysheep_generic_room_15, uniq_grinder
D:5:      layout_basic, bloody_makhleb, gammafunk_ghost_nasty_kobolds,
          minivault_19, minmay_manual_maat, uniq_pikel
D:6:      layout_basic, overflow_temple_1_default,
          mainiacjoe_overflow_divided_tiny, minmay_temple_entry_ruins
D:7:      layout_basic, serial_curves, eino_curves_01, eino_curves_04
D:8:      layout_gridville, lemuel_round_altar, minmay_manual_mares
D:9:      layout_basic, grunt_potential, uniq_amaemon

Skill      XL: |  1  2  3  4  5  6  7  8  9 10 |
---------------+-------------------------------+-----
Spellcasting   | 3 4 5 7 8 10 | 10.2
Stealth        | 2 3 4 |  4.3
Fighting       | 1 2 |  2.4
Staves         | 1 2 3 4 |  4.1
Dodging        | 3 4 |  4.0
Evocations     | 1 |  1.0

Action                     |  1- 3 |  4- 6 |  7- 9 | 10-12 || total
---------------------------+-------+-------+-------+-------++-------
  Melee: Quarterstaff      |       |     8 |    21 |    39 ||    68
   Cast: Foxfire           |    92 |   118 |   119 |    81 ||   410
         Scorch            |     3 |    13 |    20 |    22 ||    58
         Sting             |     2 |     1 |       |       ||     3
         Inner Flame       |       |     7 |    21 |    12 ||    40
         Ozocubu's Armour  |       |       |     1 |       ||     1
  Evoke: Wand              |       |       |     8 |     1 ||     9
    Use: Potion            |       |     2 |     3 |     3 ||     8
         Scroll            |       |       |     5 |     5 ||    10
   Stab: Sleeping          |       |     2 |     2 |       ||     4
 Armour: Robe              |     2 |    14 |    14 |    14 ||    44
  Dodge: Dodged            |     9 |    10 |    25 |    35 ||    79
